 Dungeon Crawl Stone Soup version 0.31-a0-700-gf13585253f (webtiles) character file.

Game seed: 6887640281012167141

575 qw the Shooter (level 7, -8/43 HPs)
             Began as a Gargoyle Hunter on Sept 7, 2023.
             Was an Initiate of Okawaru.
             Mangled by Duvessa
             ... wielding a +0 short sword
              (11 damage)
             ... on level 4 of the Dungeon.
             The game lasted 00:01:33 (2966 turns).

qw the Shooter (Gargoyle Hunter)                    Turns: 2966, Time: 00:01:33

Health: -8/43      AC: 13    Str: 14    XL:     7   Next: 35%
Magic:  7/7        EV: 11    Int: 10    God:    Okawaru [......]
Gold:   194        SH:  0    Dex: 15    Spells: 6/6 levels left

rFire   . . .        Y - +0 shortbow
rCold   . . .        (shield currently unavailable)
rNeg    + . .        c - +2 ring mail {Will+}
rPois   inf          l - +0 helmet
rElec   +            (no cloak)
rCorr   +            (no gloves)
SInv    .            (no boots)
Will    +....        (no amulet)
Stlth   +            f - ring of resist corrosion
HPRegen 0.27/turn    (no ring)
MPRegen 0.10/turn

%: no passive effects
@: no status effects
A: sickness immunity, AC +4, negative energy resistance 1, electricity
resistance, torment resistance 1, petrification resistance, sense surroundings
1, wild magic 1
a: Renounce Religion


You were on level 4 of the Dungeon.
You worshipped Okawaru.
Okawaru was noncommittal.
You visited 1 branch of the dungeon, and saw 4 of its levels.

You collected 194 gold pieces.


Innate Abilities, Weirdness & Mutations

You are immune to sickness and miasma.
Your stone body is resilient. (AC +4)
You are immune to poison.
You resist negative energy. (rN+)
You are resistant to electric shocks. (rElec)
You are resistant to unholy torment.
You are immune to petrification.
You passively map a small area around you.
Your spells are a little harder to cast, but a little more powerful.


   Skills:
 - Level 4.0 Fighting
 + Level 7.8 Ranged Weapons
 - Level 1.9 Armour
 - Level 1.5 Dodging
 - Level 1.1 Stealth


You had 6 spell levels left.
You didn't know any spells.
Your spell library was empty.

Inventory:

Hand Weapons
 Y - a +0 shortbow (weapon)
Armour
 c - a +2 ring mail of willpower (worn)
 l - a +0 helmet (worn)
Jewellery
 f - a ring of resist corrosion (left hand)
 i - a ring of ice
 k - a ring of fire
Scrolls
 d - 2 scrolls of identify
Potions
 a - a potion of cancellation {unknown}
 b - a potion of attraction {unknown}
 j - a potion of mutation

Dungeon Overview and Level Annotations

Branches:
Dungeon (4/15)
 Temple: D:4-7

Altars:
Dithmenos
Kikubaaqudgha
Nemelex Xobeh
Okawaru
Ru

Shops:
D:2 (

Annotations:
D:4 Duvessa


Message History

You kill Dowan!
Okawaru accepts your kill.
Duvessa screams in rage.
Duvessa goes berserk!
Duvessa hits you but does no damage.
You shoot an arrow. The arrow hits Duvessa.
Duvessa is lightly wounded.
Duvessa hits you but does no damage. Duvessa closely misses you.
The endoplasm closely misses you.
You shoot an arrow. The arrow hits Duvessa.
Duvessa is lightly wounded.
Duvessa closely misses you. The endoplasm barely misses you.
Duvessa closely misses you.
You shoot an arrow. The arrow hits Duvessa.
Duvessa is moderately wounded.
Duvessa hits you with a +0 short sword. The endoplasm closely misses you.
You shoot an arrow. The arrow hits Duvessa.
Duvessa is moderately wounded.
Duvessa hits you with a +0 short sword.
The endoplasm hits you but does no damage.
Duvessa hits you with a +0 short sword.
You shoot an arrow. The arrow barely misses Duvessa.
The arrow hits the kobold.
The kobold is moderately wounded.
Duvessa hits you with a +0 short sword.
The endoplasm hits you but does no damage.
Duvessa barely misses you.
You shoot an arrow. The arrow hits Duvessa!
Duvessa is heavily wounded.
The endoplasm hits you but does no damage.
Duvessa hits you with a +0 short sword!
You shoot an arrow. The arrow closely misses Duvessa.
The arrow hits the kobold!
You kill the kobold!
Duvessa hits you with a +0 short sword! The endoplasm freezes you.
You are frozen.
Duvessa hits you with a +0 short sword.
You shoot an arrow.
The arrow hits Duvessa but does no damage.
Duvessa is heavily wounded.
Duvessa hits you with a +0 short sword!
You die...

######....###..### , * ,
# ....##....##...._# , #
.........####..### , .
,, , #
.........##......#
,,,.., #
..........###..### ...,
, # ..........#_....# *
.... , ..........##..7_#
*.....
..........########......
................@e).....
.................J......
, *
########################
* *


You could see Duvessa (berserk) and an endoplasm.

Vanquished Creatures
  Pargi (D:4)
  Dowan (D:4)
  2 hounds (D:4)
  2 jellies (D:4)
  Jessica (D:3)
  Ijyb (D:3)
  3 orc wizards (D:4)
  6 adders
  A worm (D:3)
  3 dart slugs
  16 orcs
  7 endoplasms
  4 giant cockroaches
  7 goblins
  4 hobgoblins
  22 jackals
  3 quokkas
  10 ball pythons
  2 bats
  3 frilled lizards
  5 kobolds
  2 rats
106 creatures vanquished.

Notes
Turn   | Place    | Note
-------+----------+-------------------------------------------
     0 | D:1      | qw the Gargoyle Hunter began the quest for the Orb.
     0 | D:1      | Reached XP level 1. HP: 12/12 MP: 1/1
     0 | D:1      | 0 ||| qw: Version: 0.3-a-76-g4403597
     0 | D:1      | 0 ||| qw: Game counter: 452
     0 | D:1      | 0 ||| qw: Melee chars always use a shield: true
     0 | D:1      | 0 ||| qw: God list: Okawaru
     0 | D:1      | 0 ||| qw: Allow faded altars: false
     0 | D:1      | 0 ||| qw: Do Orc after clearing Dungeon:15 true
     0 | D:1      | 0 ||| qw: Do second Lair branch before Depths: true
     0 | D:1      | 0 ||| qw: Lair rune preference: random
     0 | D:1      | 0 ||| qw: Goals: Normal
     0 | D:1      | 0 ||| PLANNING D:1-11
   133 | D:1      | Reached XP level 2. HP: 17/17 MP: 2/2
   312 | D:1      | Reached XP level 3. HP: 17/21 MP: 3/3
   320 | D:1      | Reached skill level 5 in Ranged Weapons
   718 | D:1      | 718 ||| UPGRADING to +0 helmet.
   723 | D:1      | 723 ||| UPGRADING to ring of resist corrosion.
   724 | D:1      | 724 ||| READING 2 scrolls labelled VUDGHY OPUWK.
   725 | D:1      | 725 ||| READING scroll labelled CUSIAH FYON.
   726 | D:1      | 726 ||| DRINKING 2 orange potions.
   727 | D:1      | 727 ||| DRINKING 2 murky orange potions.
   727 | D:1      | Gained mutation: You passively map a small area around you.
                  | [potion of mutation]
   727 | D:1      | Gained mutation: Your spells are a little harder to cast,
                  | but a little more powerful. [potion of mutation]
   728 | D:1      | 728 ||| DROPPING scroll of blinking.
   729 | D:1      | 729 ||| DROPPING scroll of butterflies.
   768 | D:2      | Reached skill level 3 in Fighting
   795 | D:2      | Reached XP level 4. HP: 28/28 MP: 4/4
   968 | D:2      | Found Roizoh's Antique Weapon Emporium.
  1012 | D:2      | Found a sacrificial altar of Ru.
  1431 | D:2      | 1431 ||| UPGRADING to +0 ring mail.
  1441 | D:2      | 1441 ||| DROPPING +0 leather armour.
  1442 | D:2      | 1442 ||| READING scroll labelled ZONENASOYZA.
  1587 | D:3      | Noticed Ijyb
  1600 | D:3      | HP: 7/28 [Ijyb/+0 club (6)]
  1601 | D:3      | 1601 ||| DRINKING 2 potions of heal wounds.
  1603 | D:3      | Killed Ijyb
  1604 | D:3      | Reached skill level 1 in Armour
  1604 | D:3      | Reached XP level 5. HP: 31/32 MP: 5/5
  2121 | D:3      | Identified the +10 hand axe of Reinforcement {heavy,
                  | *Corrode Will+ Int+4}
  2235 | D:3      | Noticed Jessica
  2238 | D:3      | Killed Jessica
  2239 | D:3      | Reached skill level 6 in Ranged Weapons
  2244 | D:3      | 2244 ||| UPGRADING to +2 ring mail of willpower.
  2254 | D:3      | 2254 ||| DROPPING +0 ring mail.
  2255 | D:3      | 2255 ||| READING 3 scrolls labelled ETHI RERGHO.
  2256 | D:3      | 2256 ||| READING 4 scrolls labelled PAMUIKK VUECHE.
  2257 | D:3      | 2257 ||| READING scroll labelled LESSAXU CIGRE.
  2258 | D:3      | 2258 ||| READING 3 scrolls of identify.
  2258 | D:3      | 2258 ||| IDENTIFYING emerald potion
  2259 | D:3      | 2259 ||| READING 2 scrolls of identify.
  2259 | D:3      | 2259 ||| IDENTIFYING puce potion
  2260 | D:3      | 2260 ||| DROPPING 2 scrolls of immolation.
  2261 | D:3      | 2261 ||| DROPPING potion of magic.
  2262 | D:3      | 2262 ||| DROPPING potion of brilliance.
  2285 | D:4      | Reached XP level 6. HP: 36/38 MP: 6/6
  2406 | D:4      | Noticed Pargi
  2407 | D:4      | 2407 ||| RETREATING.
  2410 | D:4      | 2410 ||| Stepping ~*~*~tactically~*~*~ (retreating).
  2411 | D:4      | 2411 ||| Stepping ~*~*~tactically~*~*~ (retreating).
  2412 | D:4      | 2412 ||| Stepping ~*~*~tactically~*~*~ (retreating).
  2413 | D:4      | 2413 ||| Stepping ~*~*~tactically~*~*~ (retreating).
  2414 | D:4      | 2414 ||| Stepping ~*~*~tactically~*~*~ (retreating).
  2415 | D:4      | 2415 ||| Stepping ~*~*~tactically~*~*~ (retreating).
  2432 | D:4      | HP: 9/38 [Pargi (2)]
  2433 | D:4      | 2433 ||| DRINKING potion of heal wounds.
  2437 | D:4      | Killed Pargi
  2438 | D:4      | Reached skill level 7 in Ranged Weapons
  2560 | D:4      | Reached XP level 7. HP: 38/43 MP: 7/7
  2844 | D:4      | Found an iron altar of Okawaru.
  2845 | D:4      | 2845 ||| PLANNING OKAWARU WORSHIP
  2845 | D:4      | 2845 ||| READING scroll labelled CABBOSK FAPTE.
  2852 | D:4      | Became a worshipper of Warmaster Okawaru
  2853 | D:4      | 2853 ||| PLANNING D:1-11
  2878 | D:4      | Found a shadowy altar of Dithmenos.
  2878 | D:4      | Found a sparkling altar of Nemelex Xobeh.
  2881 | D:4      | Found an ancient bone altar of Kikubaaqudgha.
  2947 | D:4      | Noticed Dowan
  2947 | D:4      | Noticed Duvessa
  2958 | D:4      | Killed Dowan
  2965 | D:4      | HP: 9/43 [Duvessa/+0 short sword (12)]
  2965 | D:4      | HP: 2/43 [Duvessa/+0 short sword (6)]
  2966 | D:4      | Mangled by Duvessa

Levels and vault maps discovered:
D:1:      dpeg_arrival_castle, layout_loops_cross
D:2:      layout_loops_ring, basic_altar, serial_shops, shop_statue
D:3:      layout_basic, uniq_ijyb, uniq_jessica
D:4:      layout_gridville, minitemple, minmay_misc_feat_tiny, uniq_pargi,
          uniq_duvessa

Skill      XL: |  1  2  3  4  5  6 |
---------------+-------------------+-----
Ranged Weapons | 5 6 7 |  7.8
Fighting       | 3 4 |  4.0
Armour         | 1 |  1.9
Dodging        | |  1.5
Stealth        | |  1.1

Action                     |  1- 3 |  4- 6 |  7- 9 || total
---------------------------+-------+-------+-------++-------
   Fire: Shortbow          |   104 |   220 |    57 ||   381
    Use: Scroll            |     2 |     6 |     1 ||     9
         Potion            |     2 |     2 |       ||     4
 Armour: Leather armour    |    44 |     3 |       ||    47
         Ring mail         |       |   166 |    28 ||   194
  Dodge: Dodged            |    37 |   137 |    18 ||   192

Table legend:
 A = Non-vault XP
 B = Vault XP
 C = Vault XP percentage of total XP
 D = Non-vault monster count
 E = Vault monster count
 F = Vault count percentage of total count
                 A         B        C        D         E       F
            +---------+---------+-------+---------+---------+-------
      Total |     554 |     268 |  32.6 |     102 |       4 |   3.8
            +---------+---------+-------+---------+---------+-------
        D:1 |      62 |       0 |   0.0 |      32 |       0 |   0.0
        D:2 |      57 |       0 |   0.0 |      20 |       0 |   0.0
        D:3 |      73 |      73 |  50.0 |      22 |       2 |   8.3
        D:4 |     362 |     195 |  35.0 |      28 |       2 |   6.7
            +---------+---------+-------+---------+---------+-------
